 Dungeon Crawl Stone Soup version 0.16.2-12-gd0ad4c3 (webtiles) character file.

25 Kira the Sneak (level 2, 0/13 HPs)
             Began as a Spriggan Enchanter on Oct 23, 2015.
             Slain by Sigmund
             ... wielding a +0 scythe
              (4 damage)
             ... on level 2 of the Dungeon.
             The game lasted 00:04:05 (1252 turns).

Kira the Sneak (Spriggan Enchanter)                 Turns: 1252, Time: 00:04:05

Health: 0/13       AC:  3    Str:  4    XL:     2   Next: 82%
Magic:  4/8        EV: 18    Int: 16    God:
Gold:   77         SH:  0    Dex: 16    Spells: 2 memorised, 4 levels left

rFire  . . .     SeeInvis +     a - +1 dagger
rCold  . . .     Clarity  .     f - +0 robe {MR+}
rNeg   . . .     SustAb   .     (shield restricted)
rPois  .         Gourm    .     (helmet restricted)
rElec  .         Spirit   .     e - +0 cloak
rCorr  .         Warding  .     (gloves unavailable)
rMut   .         Stasis   .     (boots unavailable)
MR     +....                    (no amulet)
Stlth  +++.......               (no ring)
                                k - ring of see invisible

@: very slightly contaminated, very quick, somewhat resistant to hostile
enchantments, fairly stealthy
A: unfitting armour, see invisible, herbivore 3, speed 3, slow metabolism 2
a: no special abilities


You were on level 2 of the Dungeon.
You were not hungry.

You visited 1 branch of the dungeon, and saw 2 of its levels.

You collected 77 gold pieces.

Inventory:

Hand weapons
 a - a +1 dagger (weapon)
Armour
 b - a +1 robe
 e - a +0 cloak (worn)
 f - a +0 robe of magic resistance (worn)
Jewellery
 k - a ring of see invisible (left hand)
Scrolls
 g - a scroll of fog {unknown}
 h - a scroll of identify {unknown}
Potions
 i - a potion of haste {unknown}
 j - a potion of curing {unknown}
Books
 c - a book of Maledictions

   Spells                             Type                      Level
   a - Corona                         Hexes                        1
   b - Sure Blade                     Hexes/Charms                 2
   c - Ensorcelled Hibernation        Hexes/Ice                    2
   d - Confuse                        Hexes                        3
   e - Dazzling Spray                 Conjuration/Hexes            3
   f - Enslavement                    Hexes                        4
Comestibles
 d - a bread ration


   Skills:
 * Level 0.2 Fighting
 + Level 1.2 Short Blades
 + Level 3.4 Dodging
 + Level 5.0 Stealth
 + Level 3.1 Spellcasting
 + Level 3.9 Hexes


You had 4 spell levels left.
You knew the following spells:

 Your Spells              Type           Power        Failure   Level  Hunger
a - Corona                Hex            ###....      4%          1    #......
b - Ensorcelled Hibernat  Hex/Ice        #.....       14%         2    ##.....


Dungeon Overview and Level Annotations

Branches:
Dungeon (2/15)

Altars:
Qazlal

Annotations:
D:2 Sigmund


Innate Abilities, Weirdness & Mutations

You are tiny and cannot use many weapons and most armour.
You have supernaturally acute eyesight.
You are a herbivore.
You cover ground extremely quickly.
You need consume almost no food.


Message History

Sigmund is severely wounded.
Casting: Ensorcelled Hibernation
Confirm with . or Enter, or press ? or * to list all spells.
Aiming: Ensorcelled Hibernation
Press: ? - help, Shift-Dir - straight line, f - Sigmund
Aim: Sigmund, wielding a scythe and wearing a robe (severely wounded, chance 49%)
You miscast Ensorcelled Hibernation.
You are very lightly contaminated with residual magic.
The light around you dims momentarily. Sigmund hits you with a scythe!
Ouch! That really hurt!
Casting: Ensorcelled Hibernation
Confirm with . or Enter, or press ? or * to list all spells.
Aiming: Ensorcelled Hibernation
Press: ? - help, Shift-Dir - straight line, f/p - Sigmund
Aim: Sigmund, wielding a scythe and wearing a robe (severely wounded, chance 49%)
You miscast Ensorcelled Hibernation.
Your hands feel numb with cold.
Sigmund mumbles some strange words.
Sigmund flickers and vanishes for a moment.
Sigmund hits you from afar with a scythe.
You die...

#.#
#................
#.#
#######.#########
#.# #.....># # #.#
#.###..####### #
#.# #.# #........#
# #.# #.#
##.#####.# # #.#
#.# #.# #.# # #.#
####.####.#####.###
#.#
#.@................
#.#
#.##.#####.####....
#<# #@##.# #.#
###.. #.# #.##.#
#.# #.# #.# #.##.#
#.# #.# #.# ......
... #.# #.# #.##.#
### #.# #.# #.##..
..# #.# #.# . #.#


You could see Sigmund (invisible).

Vanquished Creatures
  2 giant geckos (D:1)
  2 hobgoblins (D:1)
  3 jackals (D:1)
  3 kobolds
  A quokka (D:2)
  2 bats
  5 giant newts
  A goblin (D:1)
  4 rats
23 creatures vanquished.

Notes
Turn   | Place    | Note
--------------------------------------------------------------
     0 | D:1      | Kira, the Spriggan Enchanter, began the quest for the Orb.
     0 | D:1      | Reached XP level 1. HP: 9/9 MP: 4/4
   289 | D:1      | Reached XP level 2. HP: 7/13 MP: 3/7
   303 | D:1      | Learned a level 2 spell: Ensorcelled Hibernation
   701 | D:1      | Reached skill level 5 in Stealth
  1199 | D:2      | Found a stormy altar of Qazlal.
  1247 | D:2      | Noticed Sigmund
  1252 | D:2      | Slain by Sigmund

Action                   || total
-------------------------++-------
Melee: Dagger            ||    73
 Cast: Corona            ||     6
       Ensorcelled Hiber ||    11
 Stab: Sleeping          ||    11
